 Dungeon Crawl Stone Soup version 0.30.1-11-g7821555f0a (webtiles) character file.

Game seed: 4596640355463584155

3159 Nonny the Carver (level 9, -1/61 HPs)
             Began as a Merfolk Gladiator on Dec 17, 2023.
             Was a Follower of Dithmenos.
             Killed by divine providence
             ... invoked by an orc priest
              (10 damage)
             ... on level 7 of the Dungeon.
             The game lasted 00:25:28 (6857 turns).

Nonny the Carver (Merfolk Gladiator)                Turns: 6857, Time: 00:25:28

Health: -1/61      AC:  6    Str: 14    XL:     9   Next: 94%
Magic:  9/9        EV: 18    Int:  7    God:    Dithmenos [*.....]
Gold:   508        SH:  5    Dex: 20    Spells: 8/8 levels left

rFire   + . .        a - +1 long sword
rCold   + . .        (no shield)
rNeg    . . .        b - +0 leather armour
rPois   .            s - +2 helmet
rElec   .            (no cloak)
rCorr   .            (no gloves)
SInv    .            (no boots)
Will    .....        d - amulet of reflection
Stlth   ++++         n - ring of protection from cold
HPRegen 0.30/turn    o - ring of protection from fire
MPRegen 0.11/turn

%: reflection
@: hasted, wreathed by umbra, very quick
A: (nimble swimmer 2), mertail
a: Renounce Religion


You were on level 7 of the Dungeon.
You worshipped Dithmenos.
Dithmenos was aware of your devotion.
You visited 2 branches of the dungeon, and saw 8 of its levels.
You also visited: Ossuary.

You collected 530 gold pieces.
You spent 22 gold pieces at shops.

Inventory:

Hand Weapons
 a - a +1 long sword (weapon)
Missiles
 e - a javelin
 g - 51 stones (quivered)
 h - 22 poisoned darts
 t - 7 boomerangs
Armour
 b - a +0 leather armour (worn)
 s - a +2 helmet (worn)
Jewellery
 d - an amulet of reflection (around neck)
 j - a ring of positive energy
 n - a ring of protection from cold (left hand)
 o - a ring of protection from fire (right hand)
Wands
 q - a wand of paralysis (9)
 r - a wand of mindburst (11)
 v - a wand of roots (2)
Scrolls
 k - 3 scrolls of identify
Potions
 c - 2 potions of haste
 p - 4 potions of brilliance
 u - a potion of flight


   Skills:
 - Level 2.1 Fighting
 + Level 13.0 Long Blades
 + Level 3.3 Throwing
 + Level 9.1 Dodging
 - Level 5.0 Stealth
 + Level 1.6 Shields
 + Level 0.8 Evocations


You had 8 spell levels left.
You didn't know any spells.
Your spell library contained the following spells:

 Spells                   Type           Power      Damage    Failure   Level
 Slow                     Hex            0%         N/A       52%         1
 Blink                    Tloc           0%         N/A       65%         2
 Ensorcelled Hibernation  Hex/Ice        0%         N/A       65%         2
 Lesser Beckoning         Tloc           0%         N/A       65%         2
 Momentum Strike          Conj/Tloc      0%         3d8       65%         2
 Confusing Touch          Hex            0%         N/A       87%         3
 Spider Form              Tmut/Pois      0%         N/A       87%         3
 Vampiric Draining        Necr           0%         2d6       87%         3
 Anguish                  Hex/Necr       0%         N/A       99%         4
 Malign Gateway           Summ/Tloc      0%         N/A       100%        7
 Summon Horrible Things   Summ           0%         N/A       100%        8


Dungeon Overview and Level Annotations

Branches:
Dungeon (7/15)             Temple (1/1) D:4         Ossuary (visited)

Altars:
Ashenzari
Cheibriados
Dithmenos
Elyvilon
Fedhas
Gozag
Hepliaklqana
Kikubaaqudgha
Makhleb
Nemelex Xobeh
Okawaru
Qazlal
Ru
Sif Muna
Uskayaw
Vehumet
Xom
Yredelemnul
Zin
The Shining One

Shops:
D:5 *

Portals:
Bailey: D:7

Annotations:
D:2 1 runed translucent door, exclusion: door, Crazy Yiuf


Innate Abilities, Weirdness & Mutations

((You are very nimble when in or above water. (Stealth+, EV+, Speed+++)))
Your lower body shifts to a powerful aquatic tail in water.


Message History

Reactivating autopickup.
You feel a bit more experienced.
Unknown command.
Found a flagged portal.
Unknown command.
You closely miss the goblin.
The goblin shouts!
The orc priest shouts!
You block the goblin's attack. The sleepcap misses you. The goblin misses you.
The orc wizard shouts!
Unknown command.
You barely miss the goblin.
Your tail-slap misses the goblin.
You block the goblin's attack. The sleepcap completely misses you.
You barely miss the goblin. The goblin misses you.
You closely miss the goblin. You block the goblin's attack.
The sleepcap releases spores at you.
* * * LOW HITPOINT WARNING * * *
The goblin hits you from afar with a +0 spear.
* * * LOW HITPOINT WARNING * * *
Unknown command.
You barely miss the goblin. The goblin hits you but does no damage.
The sleepcap completely misses you.
The goblin hits you from afar with a +0 spear.
* * * LOW HITPOINT WARNING * * *
Unknown command.
You feel yourself speed up. You block the gnoll's attack.
The sleepcap misses you. The goblin misses you.
The goblin hits you from afar with a +0 spear.
* * * LOW HITPOINT WARNING * * *
Unknown command.
The sleepcap closely misses you. You block the goblin's attack.
The goblin misses you.
You barely miss the orc wizard.
The orc shouts!
You tail-slap the orc wizard.
The orc wizard is moderately wounded.
Unknown command.
The goblin hits you but does no damage.
The orc priest calls down the wrath of Beogh upon you.
Beogh smites you!
You die...

#....^.#..)).y.y..#
#.........≈)~gggg.#
#......#..≈#####~.#
#.........~#...#§.#
###.........≈#.∩.#≈.#
.o........(~#...#~.##
##.....<.#.~##g##~..# .
#.........ho~g≈g~..# ...
####.......@gf.....#
....##.....<....oo##....#
.......##.........##.####
# #..{o...........##.#
#.....###.........##.#
..###.....####o#..##.#
#......#hg...........#
........g........##
......Y..$.....#.##


You could see a black bear, a sleepcap, an orc priest, an orc wizard, 2 gnolls,
2 orcs and 2 goblins.

Vanquished Creatures
  Pikel (D:4)
  Eustachio (D:5)
  Edmund (D:4)
  A water moccasin (D:6)
  An ice beast (D:7)
  An orc warrior (D:6)
  2 centaurs
  3 ogres
  3 phantoms
  An elf zombie (Ossuary)
  2 bullfrogs
  4 scorpions
  5 wights (D:6)
  2 howler monkeys
  2 hounds
  A gnoll bouda (D:7)
  3 orc priests
  4 sleepcaps
  Terence (D:3)
  7 orc wizards
  2 mummies (Ossuary)
  Robin (D:3)
  5 gnolls
  4 adders
  A worm zombie (D:4)
  2 worms
  2 dart slugs
  21 orcs
  9 endoplasms
  2 giant cockroaches
  15 goblins
  9 hobgoblins
  10 jackals
  7 kobolds
  A quokka (D:3)
  2 ball pythons (D:2)
  8 bats
  2 frilled lizards
  3 gnoll zombies (Ossuary)
  6 goblin zombies (Ossuary)
  A hobgoblin zombie (Ossuary)
  A kobold zombie (D:4)
  3 orc zombies (Ossuary)
  5 rats
168 creatures vanquished.

Vanquished Creatures (others)
  An orc wizard (D:7)
1 creature vanquished.

Grand Total: 169 creatures vanquished

Notes
Turn   | Place    | Note
-------+----------+-------------------------------------------
     0 | D:1      | Nonny the Merfolk Gladiator began the quest for the Orb.
     0 | D:1      | Reached XP level 1. HP: 16/16 MP: 1/1
     7 | D:1      | Starting vault: THE SPIKE
   316 | D:1      | Reached XP level 2. HP: 21/22 MP: 2/2
   458 | D:1      | Reached skill level 4 in Long Blades
   569 | D:1      | Reached skill level 1 in Stealth
   928 | D:2      | Reached XP level 3. HP: 25/27 MP: 3/3
   961 | D:2      | Found a runed translucent door.
   962 | D:2      | Noticed Crazy Yiuf
  1293 | D:4      | Reached XP level 4. HP: 27/33 MP: 4/4
  1331 | D:4      | Noticed a bullfrog
  1345 | D:4      | Killed a bullfrog
  1346 | D:4      | Reached skill level 5 in Long Blades
  1346 | D:4      | Reached XP level 5. HP: 21/38 MP: 5/5
  1453 | D:4      | Found a staircase to the Ecumenical Temple.
  1465 | Temple   | Entered the Ecumenical Temple
  1662 | D:4      | Found a sand-covered staircase.
  1675 | D:4      | Ossuary entrance in south.
  1677 | Ossuary  | Entered an ossuary
  1732 | Ossuary  | Reached skill level 6 in Long Blades
  1732 | Ossuary  | Reached skill level 5 in Dodging
  1914 | Ossuary  | Reached XP level 6. HP: 43/44 MP: 6/6
  2260 | D:4      | Reached skill level 7 in Long Blades
  2587 | D:4      | Reached XP level 7. HP: 30/50 MP: 7/7
  2748 | D:4      | Two sleepcaps and scorpion behind large gate in east.
  2871 | D:4      | They guard a +2 hat.
  2925 | D:5      | Entered Level 5 of the Dungeon
  2925 | D:5      | Noticed Edmund
  3614 | D:3      | Noticed Robin
  3637 | D:3      | Reached skill level 8 in Long Blades
  3656 | D:3      | Killed Robin
  3840 | D:3      | Noticed Terence
  3855 | D:3      | Killed Terence
  4106 | D:4      | Killed Edmund
  4275 | D:5      | Reached skill level 5 in Stealth
  4290 | D:5      | Reached XP level 8. HP: 44/56 MP: 8/8
  4329 | D:5      | Found Daamnuwn's Assorted Antiques.
  4344 | D:5      | Reached skill level 9 in Long Blades
  4402 | D:5      | Bought a scroll labelled CAKKUP REUGAOTUE for 22 gold
                  | pieces
  4416 | D:5      | Noticed Eustachio
  4446 | D:5      | Killed Eustachio
  4520 | D:5      | Found an iron altar of Okawaru.
  4597 | D:5      | Found a hide-covered altar of Uskayaw.
  4599 | D:5      | Found a shadowy altar of Dithmenos.
  4609 | D:5      | Became a worshipper of Dithmenos the Shadowed
  4949 | D:5      | Noticed Pikel
  4999 | D:4      | Killed Pikel
  5000 | D:4      | Reached skill level 11 in Long Blades
  5000 | D:4      | Reached XP level 9. HP: 20/61 MP: 9/9
  5485 | D:6      | Found a burning altar of Makhleb.
  5515 | D:6      | Found a sparkling altar of Nemelex Xobeh.
  5814 | D:6      | Reached skill level 12 in Long Blades
  5828 | D:6      | Reached * piety under Dithmenos
  5997 | D:6      | Found a basalt altar of Yredelemnul.
  5999 | D:6      | Found a glowing golden altar of the Shining One.
  6037 | D:6      | Found a white marble altar of Elyvilon.
  6141 | D:6      | Reached skill level 1 in Shields
  6442 | D:7      | Noticed a hornet
  6507 | D:7      | Nasty jamboree, and it's near a bailey!
  6794 | D:7      | Reached skill level 13 in Long Blades
  6847 | D:7      | Found a flagged portal.
  6857 | D:7      | Killed from afar by an orc priest

Illustrated notes ### ##<# ##.## ##..# ##..## ##...# ##...## ##....# #@...## #......# #.....## #......# #......## ........# ######.#.# #. .. Turn 7 on D:1: Starting vault: THE SPIKE ########.# #.######.#####.# #.# ....####..............# #<# ##.....###..........####.# ####..)..# .##....>.......# #.........# .########.###### #.###.....###.# ...# #.......#.## ###.# ###.###....# #.# #.# #.@∩.# #.# #.# #....# #.# #.# #.#.## #. #. #.#.. ...... ######## Turn 1675 on D:4: Ossuary entrance in south. #.#####.#####..# #.# #.# #..# #.#####.# #..# #.#.....# #..# #.#.##### #..## #.#.# #...# #.#.###### ####.# ##........###..#.# #.......###.f..'@# #.##.####[.....'.# #.##.##.###s.f.'.# #.##.##.# ###..### #.##....# #### #.#####.# #.# #.# #.# #.# #.#####.# #.# ........# #<# Turn 2748 on D:4: Two sleepcaps and scorpion behind large gate in east.

#.# #.# #.# #..# #.#
#.#####.# #..# #.#
#.#.....# #..# #.#
#.#.##### #..## ###.#
#.#.# #...# .##.#
#.#.###### ####.#
....#
##........###..#.#
..###
#.......###....'.#
#.#
#.##.####@.....'.#
#.#
#.##.##.###....'.#
..# #.##.##.#
###..### #.#
#.##....# ##### #.#
#.#####.# #.# #.# #.#
#.# #.#
#.######.#####.# #.#
#..............# #<#
..###..........####.#


Turn 2871 on D:4: They guard a +2 hat. #......#..≈ #......... # ##.......o.≈#
..........(~# #.....<.#.~##. .........~~g~ ####......g... #.....@og.g..#
...##..Oh.....# ......gg....# ..###....h.gg.# ..####.#..##.# #......h......#
..........## ...$.....#g## ......h#.g# Turn 6507 on D:7: Nasty jamboree, and
it's near a bailey!

Levels and vault maps discovered:
D:1:      minmay_arrival_pointy, layout_loops_corners
D:2:      layout_basic, uniq_crazy_yiuf_cottage
D:3:      layout_loops_corners, minmay_circle_x, uniq_robin, uniq_terence
D:4:      minmay_wonky_spiral, layout_loops_ring,
          minmay_temple_entry_junction_2, enter_ossuary_3,
          hangedman_decor_opposing, hellmonk_no_cap
D:5:      layout_loops_cross, minitemple, serial_shops, shop, uniq_eustachio,
          uniq_edmund, uniq_pikel
D:6:      layout_basic, nicolae_overflow_hidden_temple, lemuel_doored_altar,
          mainiacjoe_overflow_chevrons, kennysheep_generic_room_5
D:7:      layout_rooms, enter_bailey_3, corexii_leaking_fountain
Temple:   nicolae_temple_slightly_damp_pantheon

Skill      XL: |  1  2  3  4  5  6  7  8  9 |
---------------+----------------------------+-----
Long Blades    | 4 5 6 7 8 11 13 | 13.0
Stealth        | 1 2 3 5 |  5.0
Dodging        | 5 6 7 9 |  9.1
Throwing       | 3 |  3.3
Shields        | 1 |  1.6
Fighting       | |  2.1
Evocations     | |  0.8

Action                     |  1- 3 |  4- 6 |  7- 9 || total
---------------------------+-------+-------+-------++-------
  Melee: Long sword        |   121 |   120 |   444 ||   685
         Punch             |     2 |     2 |     9 ||    13
         Tailslap          |       |       |     6 ||     6
  Throw: Dart              |     2 |     2 |     5 ||     9
         Stone             |     1 |     1 |     6 ||     8
         Throwing net      |       |       |     4 ||     4
         Javelin           |       |       |     2 ||     2
  Evoke: Wand              |       |       |     5 ||     5
    Use: Scroll            |     4 |     3 |     7 ||    14
         Potion            |       |       |    14 ||    14
   Stab: Sleeping          |     3 |     4 |    12 ||    19
         Held in net/web   |       |       |     4 ||     4
         Paralysed         |       |       |     4 ||     4
 Armour: Leather armour    |    29 |    17 |    87 ||   133
         Skin              |       |       |    61 ||    61
  Dodge: Dodged            |   109 |    72 |   383 ||   564
  Block: Other             |       |       |    60 ||    60
